 Dungeon Crawl Stone Soup version 0.23.0 (webtiles) character file.

Game seed: 7224964921928241331

3724 Faca the Skirmisher (level 10, -3/56 HPs)
             Began as a Vine Stalker Fighter on Feb 13, 2019.
             Was a High Priest of Uskayaw.
             Succumbed to a queen ant's poison
             ... on level 8 of the Dungeon.
             The game lasted 00:19:57 (5482 turns).

Faca the Skirmisher (Vine Stalker Fighter)          Turns: 5482, Time: 00:19:57

Health: -3/56      AC: 12    Str: 24    XL:     10   Next: 14%
Magic:  3/16       EV:  7    Int:  8    God:    Uskayaw [*****.]
Gold:   448        SH: 11    Dex: 17    Spells: 9/9 levels left

rFire    . . .     SeeInvis +   n - +1 short sword (venom)
rCold    . . .     Gourm    .   c - +1 shield
rNeg     . . .     Faith    .   z - +1 scale mail "Cyariry" {Regen+ Str+5}
rPois    .         Spirit   +   (no helmet)
rElec    .         Reflect  .   B - +2 cloak
rCorr    .         Harm     .   w - +0 pair of gloves
MR       +....                  p - +0 pair of boots
Stlth    ++........             (no amulet)
HPRegen  0.98/turn              q - ring of see invisible
MPRegen  0.15/turn              e - ring of flight

@: lethally poisoned (-3 -> -37)
A: fangs 3, regeneration 1, magic shield, antimagic bite, no potion heal 3, rot
immunity
a: Stomp, Line Pass, Grand Finale, Renounce Religion, Evoke Flight


You were on level 8 of the Dungeon.
You worshipped Uskayaw.
Uskayaw was noncommittal.
You were hungry.

You visited 1 branch of the dungeon, and saw 8 of its levels.

You collected 448 gold pieces.

Inventory:

Hand Weapons
 n - a +1 short sword of venom (weapon)
 v - a +0 rapier
 y - a +0 long sword of holy wrath
Missiles
 j - 4 javelins (quivered)
Armour
 c - a +1 shield (worn)
 p - a +0 pair of boots (worn)
 w - a +0 pair of gloves (worn)
 z - the +1 scale mail "Cyariry" (worn) {Regen+ Str+5}
   (You took it off an orc on level 7 of the Dungeon)

   It affects your strength (+5).
   It increases your rate of regeneration.
 B - a +2 cloak (worn)
Jewellery
 e - a ring of flight (right hand)
 q - a ring of see invisible (left hand)
Wands
 o - a wand of iceblast (10)
 t - a wand of digging (3)
Scrolls
 h - 2 scrolls of enchant armour
 i - a scroll of brand weapon {unknown}
 m - 3 scrolls of remove curse
 A - a scroll of magic mapping
 D - 2 scrolls of teleportation {unknown}
Potions
 b - a potion of flight {unknown}
 d - 3 potions of might
 g - a potion of brilliance
 k - a potion of cancellation
 l - a potion of lignification
 r - 2 potions of agility
 s - 2 potions of resistance {unknown}
 u - 3 potions of haste {unknown}
 x - a potion of curing
Comestibles
 f - 10 rations


   Skills:
 + Level 7.6 Fighting
 + Level 6.9(7.1) Short Blades
 - Level 2.3(4.9) Long Blades
 - Level 2.4 Armour
 + Level 7.4 Stealth
 - Level 2.6 Shields
 + Level 6.7 Invocations


You had 9 spell levels left.
You didn't know any spells.
Your spell library was empty.

Dungeon Overview and Level Annotations

Branches:
Dungeon (8/15)             Temple (0/1) D:7
   Lair: D:8-11

Altars:
Ashenzari
Hepliaklqana
Makhleb
Uskayaw
Vehumet
Wu Jian
Xom
Yredelemnul

Shops:
D:4 [!


Innate Abilities, Weirdness & Mutations

You have razor-sharp teeth.
Your natural rate of healing is unusually fast.
When hurt, damage is shared between your health and your magic reserves.
Your bite disrupts and absorbs the magic of your enemies.
Potions cannot restore your health.
You are immune to rotting.


Message History

The queen ant poisons you!
You hit the yak.
The yak looks as sick as possible!
Your bite misses the yak.
The yak is moderately wounded.
* * * LOW HITPOINT WARNING * * *
You feel very sick. You block the hog's attack.
The yak gores you but does no damage. The queen ant stings you.
* * * LOW HITPOINT WARNING * * *
All of the chunks of flesh in your inventory have rotted away.
As you read the scroll of fear, it crumbles to dust.
You assume a fearsome visage.
The hog looks frightened!
The yak looks frightened!
The worker ant looks frightened!
The queen ant looks frightened!
The soldier ant looks frightened!
The worker ant looks frightened! x2; The soldier ant looks frightened! x2
The worker ant looks frightened! x3
The sentinel's mark upon you fades away.
* * * LOW HITPOINT WARNING * * *
You feel very sick.
A worker ant comes into view.
You die...

#####
##########.#.#############
#aa.aaaa$)h.............))
#aaa#####@.#..######.#####
#a.a##....Y.............#
#a.#..###..a...###.##.##.#
...###.. ##..#..#
#.##(##.# #..a. a..
#..#..# #.##.##.# ##..
.^.###.#...##.##.##.# #..
a#.a ###..#.#.##.##.# ..#
###a. #..###.##.##.##
#..###.##......


You could see a queen ant (fleeing), a yak (fleeing), a hog (fleeing), 3 soldier
ants and 2 worker ants.

Vanquished Creatures
  A hippogriff (D:7)
  A human (D:8)
  2 hogs (D:8)
  Duvessa (D:4)
  A water moccasin (D:7)
  2 soldier ants (D:8)
  2 orc warriors
  3 phantoms
  A black bear (D:7)
  An ice beast (D:5)
  3 ogres
  A bullfrog (D:8)
  A gnoll sergeant (D:8)
  Dowan (D:4)
  A water moccasin skeleton (D:5)
  A scorpion (D:5)
  5 wights
  A bullfrog zombie (D:6)
  4 crimson imps
  5 hounds
  4 orc priests
  6 orc wizards
  4 iguanas
  16 worker ants
  A statue (D:4)
  8 gnolls
  6 adders
  2 shadow imps
  An ooze (D:2)
  An adder skeleton (D:3)
  A worm (D:2)
  3 leopard geckos
  23 orcs
  A ball python (D:4)
  9 bats
  2 giant cockroaches
  5 goblins
  7 hobgoblins
  6 jackals (D:1)
  9 kobolds
  6 quokkas
  6 frilled lizards
  A jackal skeleton (D:5)
  12 rats
178 creatures vanquished.

Notes
Turn   | Place    | Note
-------+----------+-------------------------------------------
     0 | D:1      | Faca the Vine Stalker Fighter began the quest for the Orb.
     0 | D:1      | Reached XP level 1. HP: 11/11 MP: 2/2
    90 | D:1      | Reached XP level 2. HP: 14/16 MP: 3/3
   451 | D:1      | Reached XP level 3. HP: 18/20 MP: 4/4
   564 | D:2      | Reached skill level 1 in Short Blades
   862 | D:2      | Gained mutation: Your natural rate of healing is unusually
                  | fast. [Vine Stalker growth]
   862 | D:2      | Reached XP level 4. HP: 18/25 MP: 2/5
  1005 | D:2      | Found a burning altar of Makhleb.
  1154 | D:2      | Reached XP level 5. HP: 29/29 MP: 6/6
  1443 | D:3      | Found a basalt altar of Yredelemnul.
  1587 | D:3      | Found a hide-covered altar of Uskayaw.
  1596 | D:3      | Became a worshipper of Uskayaw the Reveler
  1639 | D:3      | Found a shimmering altar of Xom.
  1734 | D:3      | Found a hazy altar of Hepliaklqana.
  1841 | D:3      | Reached * piety under Uskayaw
  2135 | D:4      | Found Desaek's Distillery.
  2135 | D:4      | Noticed Duvessa
  2135 | D:4      | Noticed Dowan
  2145 | D:4      | Reached ** piety under Uskayaw
  2146 | D:4      | Killed Duvessa
  2146 | D:4      | Reached skill level 1 in Invocations
  2146 | D:4      | Reached XP level 6. HP: 24/34 MP: 4/8
  2154 | D:4      | Reached *** piety under Uskayaw
  2155 | D:4      | Killed Dowan
  2381 | D:4      | Found Wuegoung's Armour Shoppe.
  2496 | D:4      | Found a radiant altar of Vehumet.
  2669 | D:5      | Entered Level 5 of the Dungeon
  2703 | D:5      | Reached XP level 7. HP: 38/38 MP: 9/9
  2742 | D:5      | Reached skill level 5 in Fighting
  2886 | D:5      | Reached **** piety under Uskayaw
  2988 | D:5      | Found a shattered altar of Ashenzari.
  3037 | D:5      | Reached skill level 1 in Stealth
  3083 | D:5      | Gained mutation: You have razor-sharp teeth. [Vine Stalker
                  | growth]
  3083 | D:5      | Reached XP level 8. HP: 29/44 MP: 9/11
  3810 | D:6      | You fall through a shaft!
  3810 | D:7      | Found an ornate altar of the Wu Jian Council.
  3992 | D:6      | Reached skill level 5 in Short Blades
  4482 | D:7      | Noticed a hippogriff
  4489 | D:7      | Killed a hippogriff
  4489 | D:7      | Reached skill level 5 in Invocations
  4489 | D:7      | Reached XP level 9. HP: 46/49 MP: 13/13
  4521 | D:7      | Identified the +1 scale mail "Cyariry" {Regen+ Str+5}
  4537 | D:7      | Reached skill level 5 in Stealth
  4694 | D:7      | Found a burning altar of Makhleb.
  4761 | D:7      | Found a staircase to the Ecumenical Temple.
  5453 | D:8      | Noticed a queen ant
  5462 | D:8      | Reached XP level 10. HP: 42/55 MP: 13/15
  5475 | D:8      | Reached ***** piety under Uskayaw
  5481 | D:8      | HP: 1/56 [poisoned by a queen ant]
  5482 | D:8      | Succumbed to a queen ant's poison

Skill      XL: |  1  2  3  4  5  6  7  8  9 |
---------------+----------------------------+-----
Long Blades    | 2 |  2.3
Fighting       | 3 4 5 6 7 |  7.6
Short Blades   | 1 2 3 4 5 6 |  6.9
Invocations    | 1 2 3 5 6 |  6.7
Stealth        | 1 4 7 |  7.4
Armour         | |  2.4
Shields        | |  2.6

Action                   |  1- 3 |  4- 6 |  7- 9 | 10-12 || total
-------------------------+-------+-------+-------+-------++-------
Melee: Long sword        |    32 |       |       |       ||    32
       Bite              |    26 |    52 |   132 |     6 ||   216
       Short sword       |    61 |   148 |   344 |    17 ||   570
Evoke: Wand              |       |       |       |     1 ||     1
  Use: Scroll            |       |     7 |     3 |     1 ||    11
       Potion            |       |     1 |       |       ||     1
 Stab: Paralysed         |       |     1 |    17 |       ||    18
       Sleeping          |       |       |     5 |       ||     5
       Distracted        |       |       |     1 |       ||     1
  Eat: Chunk             |       |     2 |     6 |       ||     8
       Ration            |       |     1 |     1 |       ||     2
Armor: Scale mail        |    42 |    24 |    33 |    10 ||   109
       Chain mail        |       |    40 |    82 |       ||   122
Dodge: Dodged            |    26 |    27 |    41 |     5 ||    99
Block: Shield            |    44 |    42 |   129 |    11 ||   226
       Rpst.: Long sword |     4 |       |       |       ||     4
